[Event "Titled Tuesday Blitz August 22 Late 2023"]
[White "Martinez Ramirez, Lennis"]
[Black "Kuzmicz, Krystian"]
[WhiteFideId "3509079"]
[BlackFideId "1119125"]
[WhiteElo "2739"]
[BlackElo "2736"]
[Result "0-1"]
[Round "8"]
[TimeControl "180+1"]
[Date "2023.08.22"]
[WhiteClock "0:00:00"]
[BlackClock "0:00:36"]
[Board "33"]

1. Nf3 g6 2. d4 Bg7 3. c4 c5 4. d5 d6 5. e4 e6 6. dxe6 Bxe6 7. h3 Nc6 8. Bd3 Nge7 9. O-O O-O 10. Nc3 h6 11. Bf4 g5 12. Bh2 Ng6 13. Qb3 Rb8 14. Rad1 a6 15. Be2 Nd4 16. Nxd4 cxd4 17. Nd5 Bxd5 18. cxd5 Be5 19. g3 Bg7 20. Bg4 Ne5 21. Bf5 b5 22. f4 Nc4 23. Rd3 Ne3 24. Rxe3 dxe3 25. Qxe3 Bxb2 26. Qe2 Bg7 27. Kg2 Qe7 28. Rc1 a5 29. Qh5 b4 30. h4 gxf4 31. gxf4 a4 32. Kh3 b3 33. axb3 Rxb3+ 34. Bg3 a3 35. e5 dxe5 36. Rc4 a2 37. fxe5 Rxg3+ 38. Kxg3 Qxe5+ 39. Kh3 a1=Q 0-1


[Site "https://www.chess.com"]

[Event "Titled Tuesday Blitz August 22 Late 2023"]
[White "Arencibia Monduy, Antonio"]
[Black "Santos Latasa, Jaime"]
[WhiteFideId "3507939"]
[BlackFideId "2293307"]
[WhiteElo "2485"]
[BlackElo "2952"]
[Result "0-1"]
[Round "8"]
[TimeControl "180+1"]
[Date "2023.08.22"]
[WhiteClock "0:00:00"]
[BlackClock "0:01:07"]
[Board "34"]

1. e4 c5 2. Nf3 Nc6 3. c3 Nf6 4. e5 Nd5 5. d4 cxd4 6. cxd4 d6 7. exd6 e6 8. Nc3 Nxc3 9. bxc3 Bxd6 10. Bd3 Qc7 11. O-O Ne7 12. Bd2 h6 13. Qe2 b6 14. c4 Bb7 15. Rac1 O-O 16. h3 Rfd8 17. c5 bxc5 18. dxc5 Bf4 19. Bxf4 Qxf4 20. Rfd1 Rac8 21. Ba6 Rxd1+ 22. Rxd1 Bxf3 23. Qxf3 Qxf3 24. gxf3 Rxc5 25. Rd7 Nd5 26. Rxa7 g5 27. Kh2 Rc2 28. Kg3 Rxa2 29. Ra8+ Kg7 30. Bb7 Rxa8 31. Bxa8 Ne7 32. f4 Nf5+ 33. Kg4 Kf6 34. fxg5+ hxg5 35. Be4 Nd6 36. Bd3 Nb7 37. h4 gxh4 38. Kxh4 Ke5 39. Kg3 Nc5 40. Bc2 f5 41. f4+ Kd4 42. Kf3 Kc3 43. Bd1 Kd3 44. Be2+ Kd4 45. Bb5 Nb3 46. Bd7 Kd3 47. Bc8 Nd4+ 48. Kg3 Ke3 49. Bd7 Ke4 50. Bc8 Ne2+ 51. Kf2 Nxf4 52. Bb7+ Ke5 53. Kf3 Ng6 54. Bc8 Kf6 55. Bb7 Ne7 56. Kf4 e5+ 57. Kf3 Ng8 58. Bc6 Ke6 59. Ba4 Nf6 60. Bb3+ Nd5 61. Bc2 Nf6 62. Bb3+ Nd5 0-1


[Site "https://www.chess.com"]

[Event "Titled Tuesday Blitz August 22 Late 2023"]
[White "Shohat, Yotam"]
[Black "Holt, Conrad"]
[WhiteFideId "2813955"]
[BlackFideId "2034387"]
[WhiteElo "2471"]
[BlackElo "2915"]
[Result "0-1"]
[Round "8"]
[TimeControl "180+1"]
[Date "2023.08.22"]
[WhiteClock "0:00:34"]
[BlackClock "0:01:12"]
[Board "35"]

1. e4 e6 2. d4 d5 3. e5 c5 4. c3 Nc6 5. Nf3 Bd7 6. Be2 f6 7. O-O fxe5 8. Nxe5 Nf6 9. Bh5+ g6 10. Bf3 cxd4 11. cxd4 Qb6 12. Nxc6 bxc6 13. Re1 Bd6 14. Bg5 O-O 15. Qd2 c5 16. dxc5 Bxc5 17. Nc3 Ng4 18. Nxd5 Bxf2+ 19. Kh1 Bxe1 20. Nxb6 Bxd2 21. Nxd7 Nf2+ 22. Kg1 Rxf3 23. Bxd2 Rf5 24. Be3 Ng4 25. Re1 Rd8 26. Nc5 Nxe3 27. Nxe6 Rd2 0-1


[Site "https://www.chess.com"]

[Event "Titled Tuesday Blitz August 22 Late 2023"]
[White "Mikaelyan, Arman"]
[Black "Di Berardino, Diego Rafael"]
[WhiteFideId "13304852"]
[BlackFideId "2105446"]
[WhiteElo "2892"]
[BlackElo "2639"]
[Result "0-1"]
[Round "8"]
[TimeControl "180+1"]
[Date "2023.08.22"]
[WhiteClock "0:00:39"]
[BlackClock "0:00:22"]
[Board "36"]

1. g4 d5 2. Bg2 Bxg4 3. c4 dxc4 4. Bxb7 Nd7 5. Bxa8 Qxa8 6. f3 Bh5 7. Qa4 e5 8. Qxc4 Ngf6 9. Nc3 Bd6 10. b3 O-O 11. Bb2 Re8 12. Nh3 e4 13. O-O-O exf3 14. Rhg1 fxe2 15. Rde1 Ne5 16. Qb5 a6 17. Qa5 Nd3+ 18. Kb1 Nxe1 19. Rxe1 Bg6+ 20. Ka1 Qg2 21. Qxa6 Qxh3 22. a4 Bd3 23. Qc6 Qh4 24. Rxe2 Bxe2 25. Nxe2 Rxe2 26. a5 Qb4 27. a6 Re1+ 28. Ka2 Qa5+ 29. Qa4 Qxa4+ 30. bxa4 Bc5 0-1


[Site "https://www.chess.com"]

[Event "Titled Tuesday Blitz August 22 Late 2023"]
[White "Durarbayli, Vasif"]
[Black "Tologon tegin, Semetei"]
[WhiteFideId "13402935"]
[BlackFideId "13800574"]
[WhiteElo "2859"]
[BlackElo "2612"]
[Result "1-0"]
[Round "8"]
[TimeControl "180+1"]
[Date "2023.08.22"]
[WhiteClock "0:00:04"]
[BlackClock "0:00:01"]
[Board "37"]

1. e4 e5 2. Nf3 Nc6 3. Bb5 a6 4. Ba4 Nf6 5. d3 Bc5 6. c3 d6 7. d4 exd4 8. cxd4 Bb4+ 9. Bd2 b5 10. Bc2 O-O 11. O-O Bg4 12. d5 Bxd2 13. Nbxd2 Nd4 14. h3 Bh5 15. Re1 Re8 16. Rc1 Rc8 17. Bd3 c5 18. dxc6 Rxc6 19. Rxc6 Nxc6 20. Qc2 Ne5 21. Nxe5 dxe5 22. Nb3 Bg6 23. f3 Qd6 24. Bf1 Rd8 25. Kh2 h5 26. Nc5 Rc8 27. b4 Nd7 28. Rd1 Qe7 29. Rc1 h4 30. Qf2 Nxc5 31. bxc5 Rc6 32. Be2 Qg5 33. Rc2 Qf4+ 34. Kg1 f5 35. Bd3 Kf8 36. exf5 Bxf5 37. Bxf5 Qxf5 38. Qd2 Ke7 39. Rc1 Qf4 40. Qc2 Qd4+ 41. Kh1 b4 42. Rd1 Qxc5 43. Qd2 Rd6 44. Qg5+ Kf7 45. Re1 Re6 46. Qxh4 Qc3 47. Qe4 a5 48. Kh2 a4 49. Re3 Qc5 50. Qf5+ Rf6 51. Qd7+ Kg6 52. Re4 Kh6 53. Rh4+ Kg6 54. Rg4+ Kh5 55. Qxg7 Rf5 56. Qg6# 1-0


[Site "https://www.chess.com"]

[Event "Titled Tuesday Blitz August 22 Late 2023"]
[White "Ribeiro, Matheus Mendes Domingues"]
[Black "Bartel, Mateusz"]
[WhiteFideId "324226923"]
[BlackFideId "1112635"]
[WhiteElo "2608"]
[BlackElo "2835"]
[Result "0-1"]
[Round "8"]
[TimeControl "180+1"]
[Date "2023.08.22"]
[WhiteClock "0:00:01"]
[BlackClock "0:01:03"]
[Board "38"]

1. c4 f5 2. Nc3 Nf6 3. Nf3 g6 4. g3 Bg7 5. Bg2 d6 6. O-O e5 7. d4 e4 8. Nd2 c6 9. d5 O-O 10. Nb3 c5 11. f3 exf3 12. exf3 Re8 13. Re1 Nbd7 14. Bf4 Nb6 15. Qd3 Rxe1+ 16. Rxe1 Bf8 17. Nd2 Bd7 18. h4 h6 19. b3 Nh5 20. Qe3 Qf6 21. Ne2 Re8 22. Qf2 Qb2 23. g4 Rxe2 24. Qxe2 Nxf4 25. Qe3 Qd4 26. Qxd4 cxd4 27. gxf5 Bxf5 28. Ne4 Nd7 29. Rd1 Kf7 30. Kf2 Nxg2 31. Kxg2 Bxe4 32. fxe4 Bg7 33. Rf1+ Ke7 34. Rg1 Bf6 35. h5 gxh5 36. Kf3 Ne5+ 37. Kf4 d3 38. Kf5 d2 39. Rd1 Bg5 40. b4 Nxc4 41. e5 Ne3+ 0-1


[Site "https://www.chess.com"]

[Event "Titled Tuesday Blitz August 22 Late 2023"]
[White "Erzhanov, Arman"]
[Black "Troff, Kayden"]
[WhiteFideId "4138821"]
[BlackFideId "2047896"]
[WhiteElo "2607"]
[BlackElo "2748"]
[Result "0-1"]
[Round "8"]
[TimeControl "180+1"]
[Date "2023.08.22"]
[WhiteClock "0:01:32"]
[BlackClock "0:01:23"]
[Board "39"]

1. e4 c5 2. Nf3 g6 3. d4 cxd4 4. Qxd4 Nf6 5. Nc3 Nc6 6. Qa4 d6 7. e5 dxe5 8. Nxe5 Bd7 9. Nxd7 Nxd7 10. Be3 Bg7 11. Rd1 Qc8 12. Bb5 O-O 13. Bxc6 bxc6 14. Bd4 Nb6 15. Bxb6 axb6 16. Qb3 Qa6 17. a3 Rfd8 18. Qb4 c5 19. Qb3 Rxd1+ 20. Kxd1 Bh6 21. Qb5 Qb7 22. f3 Rd8+ 23. Ke2 Rd2+ 24. Ke1 Rxc2 25. Qf1 Qd7 0-1


[Site "https://www.chess.com"]

[Event "Titled Tuesday Blitz August 22 Late 2023"]
[White "GaiozNigalidze"]
[Black "Roebers, Eline"]
[BlackFideId "1058401"]
[WhiteElo "2701"]
[BlackElo "2578"]
[Result "0-1"]
[Round "8"]
[TimeControl "180+1"]
[Date "2023.08.22"]
[WhiteClock "0:00:00"]
[BlackClock "0:00:11"]
[Board "40"]

1. d4 f5 2. Nc3 Nf6 3. Bg5 d5 4. e3 e6 5. h4 c5 6. Bb5+ Nc6 7. Nf3 Bd6 8. a3 O-O 9. dxc5 Bxc5 10. Nd4 Bd7 11. Nxf5 h6 12. Nd4 hxg5 13. hxg5 Nxd4 14. exd4 Bxb5 15. dxc5 Bc6 16. gxf6 Qxf6 17. O-O d4 18. Ne2 e5 19. Ng3 e4 20. Qh5 Rae8 21. Rae1 Re5 22. Qh3 Qe7 23. Rd1 Qxc5 24. Rfe1 d3 25. Rd2 dxc2 26. Rc1 e3 27. Rdxc2 exf2+ 28. Kh2 Qd5 29. Rf1 Qd4 30. Nh5 Bd7 0-1


[Site "https://www.chess.com"]

[Event "Titled Tuesday Blitz August 22 Late 2023"]
[White "Estrada Nieto, Julian"]
[Black "Cuenca Jimenez, Jose Fernando"]
[WhiteFideId "5101018"]
[BlackFideId "2255570"]
[WhiteElo "2543"]
[BlackElo "2685"]
[Result "1/2-1/2"]
[Round "8"]
[TimeControl "180+1"]
[Date "2023.08.22"]
[WhiteClock "0:00:07"]
[BlackClock "0:00:11"]
[Board "41"]

1. e4 c5 2. Nf3 Nc6 3. Bb5 e6 4. O-O Nge7 5. Re1 Nd4 6. Nxd4 cxd4 7. d3 a6 8. Ba4 b5 9. Bb3 Nc6 10. Nd2 Bc5 11. Nf3 h6 12. c3 O-O 13. Qe2 d6 14. Bd2 Bb7 15. Rac1 Rc8 16. cxd4 Nxd4 17. Nxd4 Bxd4 18. Rxc8 Qxc8 19. Rc1 Qb8 20. Be3 Bxe3 21. Qxe3 Rc8 22. h3 Rxc1+ 23. Qxc1 Qd8 24. Qc3 Qb6 25. Kf1 Qc5 26. f3 b4 27. Qxc5 dxc5 28. Ke2 e5 29. Ke3 Kf8 30. f4 f6 31. Bc4 a5 32. Bb5 Ke7 33. g3 Bc8 34. h4 Bg4 35. Ba4 Kd6 36. Kd2 Be6 37. b3 exf4 38. gxf4 g5 39. hxg5 fxg5 40. e5+ Kd5 41. Ke3 Bf5 42. Bb5 Ke6 43. Bc4+ Ke7 44. fxg5 hxg5 45. d4 cxd4+ 46. Kxd4 g4 47. Ke3 Be6 48. Be2 Bf5 49. Kf4 Bb1 50. Kxg4 Bxa2 51. Bd1 Ke6 52. Kf4 Bb1 53. Bg4+ Kd5 54. Bd1 Ke6 55. Bg4+ Kd5 56. Bd1 Bd3 57. Bf3+ Ke6 58. Bg4+ Kd5 59. Bd1 Kd4 60. e6 Bg6 61. e7 Kc3 62. Kg5 Be8 63. Kf6 Kd2 64. Bg4 Kc2 65. Be6 Kc3 66. Kg7 Kb2 67. Kf8 Bc6 68. e8=Q Bxe8 69. Kxe8 Ka3 70. Bd5 a4 71. bxa4 Kxa4 72. Bc4 Ka3 73. Bd5 Kb2 74. Be6 Kc3 75. Bf7 Kd4 76. Bb3 Ke5 77. Bg8 Kd4 78. Be6 Kc3 79. Bf7 b3 80. Bxb3 1/2-1/2


[Site "https://www.chess.com"]

[Event "Titled Tuesday Blitz August 22 Late 2023"]
[White "Hjartarson, Johann"]
[Black "Ozkan, Taha"]
[WhiteFideId "2300044"]
[BlackFideId "34577173"]
[WhiteElo "2676"]
[BlackElo "2570"]
[Result "0-1"]
[Round "8"]
[TimeControl "180+1"]
[Date "2023.08.22"]
[WhiteClock "0:00:04"]
[BlackClock "0:00:51"]
[Board "42"]

1. c4 c6 2. Nc3 d5 3. d4 dxc4 4. e4 b5 5. a4 b4 6. Nce2 Nf6 7. Ng3 e5 8. Bxc4 Qxd4 9. Qxd4 exd4 10. Nf3 Ba6 11. Bxa6 Nxa6 12. Nxd4 c5 13. Nb5 Be7 14. Nf5 g6 15. Nxe7 Kxe7 16. Bg5 h6 17. Bxf6+ Kxf6 18. O-O-O Rhd8 19. f4 c4 20. Nd6 c3 21. b3 Nc5 22. Kc2 Ke6 23. e5 Rab8 24. g4 g5 25. f5+ Ke7 26. Rhe1 Nb7 27. Ne4 Rxd1 28. Rxd1 Rc8 29. Rd4 a5 30. Rd5 Rd8 31. Rb5 Rd7 32. Rb6 Nd8 33. Nd6 Kf8 34. Rb8 Kg7 35. Ra8 h5 36. h3 h4 37. Rxa5 Nc6 38. Ne8+ Kf8 39. Ra8 Rd2+ 40. Kc1 Nxe5 41. Nf6+ Ke7 42. Ng8+ Kd7 43. Nf6+ Kc6 0-1


[Site "https://www.chess.com"]

[Event "Titled Tuesday Blitz August 22 Late 2023"]
[White "Loay, Sameer"]
[Black "Piesik, Piotr"]
[WhiteFideId "8104239"]
[BlackFideId "1136194"]
[WhiteElo "2534"]
[BlackElo "2669"]
[Result "1-0"]
[Round "8"]
[TimeControl "180+1"]
[Date "2023.08.22"]
[WhiteClock "0:00:31"]
[BlackClock "0:00:27"]
[Board "43"]

1. Nf3 g6 2. g3 Bg7 3. Bg2 d5 4. O-O Nf6 5. d3 O-O 6. c3 Nbd7 7. Nbd2 e5 8. e4 dxe4 9. dxe4 Qe7 10. Qe2 a5 11. a4 b6 12. Nc4 Ba6 13. Rd1 Nc5 14. Bg5 Rad8 15. Bxf6 Bxf6 16. Bf1 Rxd1 17. Rxd1 Nxa4 18. Qc2 Nc5 19. b4 axb4 20. cxb4 Ne6 21. Ncxe5 Bxf1 22. Rxf1 Bxe5 23. Nxe5 Qxb4 24. Nd7 Rd8 25. Nf6+ Kg7 26. e5 Qd4 27. Qe2 c5 28. Rc1 Ra8 29. Rd1 Ra1 30. Rxa1 Qxa1+ 31. Kg2 Qd4 32. f4 h6 33. Ne8+ Kf8 34. Nd6 Qd5+ 35. Kh3 Nd4 36. Qa6 Qc6 37. Qa7 Qd5 38. Qb8+ Kg7 39. Ne8+ Kf8 40. Nf6+ 1-0


[Site "https://www.chess.com"]

[Event "Titled Tuesday Blitz August 22 Late 2023"]
[White "Cheng, Xiao"]
[Black "Zhu, Jiner"]
[WhiteFideId "2022915"]
[BlackFideId "8608059"]
[WhiteElo "2491"]
[BlackElo "2667"]
[Result "1/2-1/2"]
[Round "8"]
[TimeControl "180+1"]
[Date "2023.08.22"]
[WhiteClock "0:00:05"]
[BlackClock "0:00:09"]
[Board "44"]

1. e4 e5 2. Bc4 Nf6 3. Nc3 Bc5 4. d3 h6 5. f4 exf4 6. Bxf4 d6 7. Qd2 Nc6 8. Nf3 Be6 9. Nd5 Bxd5 10. exd5 Ne7 11. O-O-O Qd7 12. Rde1 O-O-O 13. Be3 Bxe3 14. Qxe3 Nexd5 15. Qxa7 Nb6 16. Kb1 Rhe8 17. a4 Qxa4 18. Qxa4 Nxa4 19. Bxf7 Rxe1+ 20. Rxe1 Rf8 21. Be6+ Kd8 22. b3 Nc5 23. Bf5 Nd5 24. Nd4 Nc3+ 25. Kb2 Nb5 26. Nxb5 Rxf5 27. Nd4 Rf4 28. Kc3 Kd7 29. Re2 c6 30. g3 Rf1 31. b4 Na4+ 32. Kb3 b5 33. c4 Rb1+ 34. Ka3 Nc3 35. Rc2 Nd1 36. cxb5 cxb5 37. Nxb5 Ke6 38. Nc3 Nxc3 39. Rxc3 Kd5 40. Rb3 Ra1+ 41. Kb2 Ra6 42. b5 Rb6 43. Kc3 Kc5 44. g4 Rxb5 45. Rxb5+ Kxb5 46. Kd4 Kc6 47. h4 g6 48. Kc4 d5+ 49. Kd4 Kd6 50. g5 h5 51. Ke3 Ke5 52. d4+ Ke6 53. Kf4 Kd6 54. Kf3 Kc6 55. Kf4 Kd6 56. Kf3 Ke7 57. Kf4 Ke6 58. Ke3 Kf5 59. Kf3 Ke6 60. Kf4 Kd6 1/2-1/2


[Site "https://www.chess.com"]

[Event "Titled Tuesday Blitz August 22 Late 2023"]
[White "Shuvalova, Polina"]
[Black "Pein, Jonathan"]
[WhiteFideId "24171760"]
[BlackFideId "417092"]
[WhiteElo "2663"]
[BlackElo "2467"]
[Result "1/2-1/2"]
[Round "8"]
[TimeControl "180+1"]
[Date "2023.08.22"]
[WhiteClock "0:00:10"]
[BlackClock "0:00:08"]
[Board "45"]

1. e4 e5 2. Nf3 d6 3. d4 exd4 4. Nxd4 Nf6 5. Nc3 g6 6. Bc4 Bg7 7. O-O O-O 8. Bg5 h6 9. Bh4 Nc6 10. Nxc6 bxc6 11. h3 g5 12. Bg3 Rb8 13. Rb1 Re8 14. Bd3 Nd7 15. Qd2 Ne5 16. b3 Ng6 17. Ne2 c5 18. Rbe1 h5 19. Nc3 h4 20. Bh2 g4 21. hxg4 Bxg4 22. Nd5 h3 23. f3 Be6 24. g4 Bxd5 25. exd5 Ne5 26. Be4 Qh4 27. Qf2 Qxf2+ 28. Kxf2 c4 29. Kg3 Bf6 30. Kxh3 Kg7 31. Bg3 Ng6 32. f4 Rh8+ 33. Kg2 Nh4+ 34. Bxh4 Rxh4 35. g5 Bd4 36. Kg3 Rbh8 37. Rh1 Rxh1 38. Rxh1 Rxh1 39. Bxh1 cxb3 40. axb3 f6 41. Be4 fxg5 42. fxg5 Bb6 43. Kg4 Kf7 44. Kf5 a5 45. Bf3 Kg7 46. Bh5 Kg8 47. Ke6 Kg7 48. Kd7 Kg8 49. Bg4 Kg7 50. Bf5 Kg8 51. c4 Kg7 52. Kc6 Kg8 53. Be6+ Kg7 54. Bf5 Kg8 55. Kb7 Kg7 56. c5 Bxc5 57. Kxc7 Bb4 58. Kc6 Kg8 59. Kb5 Kg7 60. Kc4 Bd2 61. g6 Bb4 62. Kb5 Kf6 63. Kc6 Kg7 64. Kd7 Bc5 65. Ke6 Bb4 66. Bd3 Bc5 1/2-1/2


[Site "https://www.chess.com"]

[Event "Titled Tuesday Blitz August 22 Late 2023"]
[White "Mesa Cruz, Juan Carlos"]
[Black "Mendez Fortes, Eduardo Jesus"]
[WhiteFideId "6423400"]
[BlackFideId "3502376"]
[WhiteElo "2451"]
[BlackElo "2652"]
[Result "0-1"]
[Round "8"]
[TimeControl "180+1"]
[Date "2023.08.22"]
[WhiteClock "0:00:00"]
[BlackClock "0:00:14"]
[Board "46"]

1. Nf3 d5 2. g3 Nf6 3. Bg2 e6 4. O-O Be7 5. d4 b5 6. Nbd2 O-O 7. b3 b4 8. Bb2 Nbd7 9. Ne5 Bb7 10. Rc1 c5 11. c4 bxc3 12. Bxc3 Nxe5 13. dxe5 Nd7 14. f4 Qb6 15. Kh1 Rfd8 16. Qe1 g6 17. Nf3 d4 18. Ba5 Qa6 19. Bxd8 Rxd8 20. Qd2 Nb6 21. Ng5 Bxg2+ 22. Kxg2 Qb7+ 23. Kg1 Nd5 24. Rf2 Ne3 25. h3 Bxg5 26. fxg5 Qd5 27. Qa5 Rc8 28. Qxa7 Rf8 29. Rxc5 Qe4 30. Rc1 Qxe5 31. Qc7 Qxg5 32. Qf4 Qd5 33. Rc7 e5 34. Qf6 e4 35. Re7 d3 36. exd3 exd3 37. Rxe3 d2 38. Rxd2 Qxd2 39. Qf2 Qd1+ 40. Re1 Qd5 41. Rf1 Rc8 42. b4 Rc3 43. Re1 Rf3 44. Re8+ Kg7 45. Qb2+ Kh6 46. Qc1+ g5 47. Qc2 Rxg3+ 48. Kh2 Rd3 0-1


[Site "https://www.chess.com"]

[Event "Titled Tuesday Blitz August 22 Late 2023"]
[White "Pinto, Daniel"]
[Black "Mekhitarian, Krikor Sevag"]
[WhiteFideId "3303144"]
[BlackFideId "2107660"]
[WhiteElo "2463"]
[BlackElo "2833"]
[Result "0-1"]
[Round "8"]
[TimeControl "180+1"]
[Date "2023.08.22"]
[WhiteClock "0:00:00"]
[BlackClock "0:00:08"]
[Board "47"]

1. e4 e6 2. d4 d5 3. Nd2 c5 4. Ngf3 cxd4 5. Nxd4 Nf6 6. exd5 Nxd5 7. Ne4 Be7 8. Bb5+ Bd7 9. O-O Bxb5 10. Nxb5 a6 11. Nd4 O-O 12. Qf3 Nd7 13. b3 N7f6 14. Bb2 Nxe4 15. Qxe4 Bf6 16. Rad1 Qb6 17. c4 Ne7 18. Bc1 Rad8 19. Be3 Qc7 20. a4 h6 21. h3 Nc8 22. c5 Ne7 23. Nc2 Nd5 24. Qc4 Nxe3 25. fxe3 Qe5 26. b4 Rc8 27. Qd4 Qg5 28. Qe4 Rc7 29. Nd4 a5 30. Nf3 Qg3 31. bxa5 Rfc8 32. a6 bxa6 33. Rc1 Rxc5 34. Rxc5 Rxc5 35. Qa8+ Kh7 36. Qxa6 Qc7 37. Qd3+ Kg8 38. Rd1 Rc3 39. Qb5 Rxe3 40. a5 Rc3 41. a6 Rc1 42. Rxc1 Qxc1+ 43. Kf2 Qc2+ 44. Ke3 Qc3+ 45. Qd3 Qc5+ 46. Ke2 Qb6 47. Qc4 Be7 48. Nd2 Bc5 49. Nb3 Bg1 50. Kd3 Qe3+ 51. Kc2 g6 52. Qc8+ Kh7 53. Qb7 Kg7 54. Nd2 Qc5+ 55. Kb3 Be3 56. Nc4 Bf2 57. Qb4 Qa7 58. Qc3+ Bd4 59. Qa5 e5 60. Qb5 Bc5 61. Qb7 e4 62. Qxa7 Bxa7 63. Kb4 f5 64. Kb5 e3 65. Nb2 e2 66. Nd3 Kf6 67. Kc6 f4 68. Kb7 Be3 69. a7 Bxa7 70. Kxa7 Kf5 71. Kb6 Ke4 72. Ne1 g5 73. Kc5 h5 74. Kc4 Ke3 75. Kc3 g4 76. hxg4 hxg4 77. Kc2 f3 78. gxf3 gxf3 0-1


[Site "https://www.chess.com"]

[Event "Titled Tuesday Blitz August 22 Late 2023"]
[White "D`Arruda, Ricardo D."]
[Black "Klukin, Kirill"]
[WhiteFideId "100692"]
[BlackFideId "24199273"]
[WhiteElo "2544"]
[BlackElo "2813"]
[Result "1-0"]
[Round "8"]
[TimeControl "180+1"]
[Date "2023.08.22"]
[WhiteClock "0:00:16"]
[BlackClock "0:00:00"]
[Board "48"]

1. Nf3 Nf6 2. d4 e6 3. g3 d5 4. Bg2 Be7 5. O-O O-O 6. c4 c6 7. Nbd2 b6 8. Qc2 Bb7 9. e4 a5 10. b3 Na6 11. Bb2 a4 12. Rad1 Nb4 13. Qb1 axb3 14. axb3 c5 15. exd5 exd5 16. dxc5 Bxc5 17. cxd5 Bxd5 18. Nc4 Qe7 19. Ng5 g6 20. Bxf6 Qxf6 21. Bxd5 Qxg5 22. Bxa8 Rxa8 23. Rd2 b5 24. Qe4 bxc4 25. Qxa8+ Kg7 26. Qa1+ Kh6 27. Qc1 cxb3 28. Rfd1 Na2 29. Qc4 Bb4 30. Rd5 Qf6 31. Qxb3 Nc3 32. Qxb4 Qf3 33. Qf4+ Qxf4 34. gxf4 Ne2+ 35. Kf1 Nxf4 36. R1d4 Ne6 37. Re4 Ng5 38. Rh4+ 1-0


[Site "https://www.chess.com"]

[Event "Titled Tuesday Blitz August 22 Late 2023"]
[White "Hambleton, Aman"]
[Black "Vovk, Orest"]
[WhiteFideId "2606577"]
[BlackFideId "14113490"]
[WhiteElo "2787"]
[BlackElo "2540"]
[Result "1/2-1/2"]
[Round "8"]
[TimeControl "180+1"]
[Date "2023.08.22"]
[WhiteClock "0:00:11"]
[BlackClock "0:00:08"]
[Board "49"]

1. e4 g5 2. d4 g4 3. Qxg4 d5 4. Qe2 dxe4 5. Qxe4 Nf6 6. Qd3 Nc6 7. Nf3 Bg4 8. c3 Qd5 9. h3 Bxf3 10. Qxf3 Qxf3 11. gxf3 e5 12. Bg5 Be7 13. Bxf6 Bxf6 14. d5 Ne7 15. Bb5+ Kf8 16. Bc4 Rd8 17. Nd2 Nxd5 18. Ne4 Ke7 19. O-O-O Nf4 20. Ng3 Rxd1+ 21. Kxd1 Rd8+ 22. Kc2 Kf8 23. h4 Be7 24. b4 a6 25. a4 c6 26. a5 c5 27. b5 axb5 28. Bxb5 Ra8 29. a6 bxa6 30. Bc4 a5 31. Nf5 a4 32. Ra1 a3 33. Kb3 h5 34. Rxa3 Rxa3+ 35. Kxa3 Ng2 36. Ng3 Nxh4 37. Nxh5 Nxf3 38. Ng3 Bh4 39. Ne4 f5 40. Nd6 f4 41. Ne4 Ke7 42. Be2 Ng5 43. Nxg5 Bxg5 44. f3 Kd6 45. Bd3 Kd5 46. Kb3 Bh4 47. Be4+ Kd6 48. Kc4 Be1 49. Bd3 Bf2 50. Be4 Be1 51. Bd3 Bd2 52. Be4 Be3 53. Bd3 Ke6 54. Be4 Kf6 55. Kd5 Bf2 56. Bd3 Be3 57. Be4 Bd2 58. Kxc5 Bxc3 59. Kc4 Bd4 60. Kd3 Be3 61. Ke2 Bd4 62. Bd3 Be3 63. Be4 Bd4 64. Bd3 Be3 65. Be4 1/2-1/2


[Site "https://www.chess.com"]

[Event "Titled Tuesday Blitz August 22 Late 2023"]
[White "Diaz Perez, Michel Alejandro"]
[Black "Poltorak, Sebastian"]
[WhiteFideId "3517179"]
[BlackFideId "1199498"]
[WhiteElo "2686"]
[BlackElo "2539"]
[Result "1-0"]
[Round "8"]
[TimeControl "180+1"]
[Date "2023.08.22"]
[WhiteClock "0:00:21"]
[BlackClock "0:00:05"]
[Board "50"]

1. e4 c6 2. c4 d5 3. exd5 cxd5 4. cxd5 Nf6 5. Nc3 Nxd5 6. d4 Nc6 7. Bc4 Nxc3 8. bxc3 e6 9. Nf3 Be7 10. O-O O-O 11. Bd3 b6 12. Qe2 Bb7 13. Rd1 Rc8 14. Bf4 Na5 15. Rac1 Qd5 16. c4 Qh5 17. d5 Ba3 18. dxe6 Bxf3 19. gxf3 Bxc1 20. Rxc1 fxe6 21. Qxe6+ Kh8 22. Bg3 Nb7 23. Qe7 Nc5 24. Bf1 Qxf3 25. Re1 Qf7 26. Qh4 Rce8 27. Rd1 Ne4 28. Bd3 g5 29. Qxe4 Rxe4 30. Bxe4 Re8 31. Bd5 Qf6 32. Kg2 h5 33. h3 h4 34. Bh2 Re2 35. Bf3 Rxa2 36. Re1 Kh7 37. Re8 Qd4 38. Be4+ Kh6 39. Re6+ Kh5 40. Bg6+ Kh6 41. Bb1+ Kh5 42. Bg6+ Kh6 43. Bf5+ Kg7 44. Be5+ Qxe5 45. Rxe5 Kf6 46. Rd5 Ra5 47. Rxa5 bxa5 48. Bd7 Ke5 49. Kf3 Kd4 50. Kg4 Kxc4 51. Kxg5 Kb4 52. f4 a4 53. f5 a3 54. Be6 Kc5 55. f6 Kd6 56. Ba2 1-0


[Site "https://www.chess.com"]

[Event "Titled Tuesday Blitz August 22 Late 2023"]
[White "ATM622"]
[Black "Alex_Sahakyan2006"]
[WhiteElo "2530"]
[BlackElo "2675"]
[Result "0-1"]
[Round "8"]
[TimeControl "180+1"]
[Date "2023.08.22"]
[WhiteClock "0:00:00"]
[BlackClock "0:00:08"]
[Board "51"]

1. d4 f5 2. c4 Nf6 3. g3 e6 4. Bg2 d5 5. Nf3 c6 6. O-O Bd6 7. Bg5 O-O 8. b3 Nbd7 9. Nbd2 Qe7 10. Ne1 h6 11. Bxf6 Nxf6 12. Nd3 Bd7 13. Qc2 Be8 14. c5 Bc7 15. Nf3 Bh5 16. Nfe5 Nd7 17. f4 Nxe5 18. fxe5 g5 19. b4 a5 20. a3 b5 21. cxb6 Bxb6 22. e3 Rfc8 23. Nc5 Bxc5 24. bxc5 Rcb8 25. Rab1 Qa7 26. Qa4 Qa6 27. Rfe1 Be2 28. Bf1 Bxf1 29. Rxf1 Kg7 30. Qc2 h5 31. h4 g4 32. Qd2 Rxb1 33. Rxb1 Rf8 34. e4 f4 35. exd5 cxd5 36. Rb6 Qc4 37. Rxe6 Qb3 38. gxf4 Qg3+ 39. Kh1 Qxh4+ 40. Qh2 Qe1+ 41. Qg1 Qe4+ 42. Qg2 Qxf4 43. Rf6 Rxf6 44. exf6+ Kxf6 45. Qxd5 Qf1+ 46. Kh2 Qf2+ 47. Kh1 g3 48. Qe5+ Kg6 49. Qe6+ Kg5 50. Qe5+ Kh4 51. Qe7+ Kg4 52. Qe6+ Kf3 53. Qf5+ Ke2 54. Qxh5+ Ke1 55. Qe5+ Kf1 0-1


[Site "https://www.chess.com"]

[Event "Titled Tuesday Blitz August 22 Late 2023"]
[White "Annaberdiyev, Meylis"]
[Black "szachmistrz2500"]
[WhiteFideId "14000563"]
[WhiteElo "2665"]
[BlackElo "2522"]
[Result "1-0"]
[Round "8"]
[TimeControl "180+1"]
[Date "2023.08.22"]
[WhiteClock "0:01:11"]
[BlackClock "0:01:28"]
[Board "52"]

1. e4 c5 2. Nf3 d6 3. d4 cxd4 4. Qxd4 a6 5. Bc4 e5 6. Qd3 h6 7. Bxf7+ Kxf7 8. Nxe5+ Ke8 9. Ng6 Rh7 10. Nc3 Nc6 11. Bf4 Qf6 12. Nd5 Qxg6 13. Nc7+ Kf7 14. Nxa8 Nf6 15. Qb3+ Be6 16. Qxb7+ Ne7 17. O-O Nxe4 18. Nc7 Bh3 19. Bg3 Bc8 20. Qb3+ Be6 21. Nxe6 Qxe6 22. Qf3+ Nf6 23. Rfe1 Qf5 24. Rxe7+ 1-0


[Site "https://www.chess.com"]

[Event "Titled Tuesday Blitz August 22 Late 2023"]
[White "Korchmar, Vasiliy"]
[Black "Sreyas Payyappat"]
[WhiteFideId "24131750"]
[BlackFideId "46674969"]
[WhiteElo "2664"]
[BlackElo "2520"]
[Result "1-0"]
[Round "8"]
[TimeControl "180+1"]
[Date "2023.08.22"]
[WhiteClock "0:00:05"]
[BlackClock "0:00:30"]
[Board "53"]

1. e4 c6 2. d4 d5 3. exd5 cxd5 4. Bd3 Nc6 5. c3 Qc7 6. h3 g6 7. Nf3 Bf5 8. O-O e5 9. Bxf5 gxf5 10. Nxe5 Nxe5 11. Bf4 f6 12. dxe5 fxe5 13. Bxe5 Qxe5 14. Re1 Qxe1+ 15. Qxe1+ Be7 16. Qe5 Nf6 17. Qxf5 Rg8 18. Nd2 Kf7 19. Re1 Rae8 20. Nf3 Bd8 21. Ne5+ Kg7 22. Qg5+ Kf8 23. Qh6+ Rg7 24. f4 Kg8 25. g4 Nd7 26. Qd6 Rge7 27. Qxd5+ Kg7 28. Kf1 Bc7 29. Qxd7 Rxd7 30. Nxd7 Rxe1+ 31. Kxe1 Bxf4 32. Nc5 Kf6 33. Nxb7 Kg5 34. Kf1 Bd2 35. Kg2 Kf4 36. Nc5 Ke3 37. Kg3 Be1+ 38. Kg2 Bd2 39. g5 Bc1 40. b3 Kd2 41. c4 Kc3 42. Kf3 a5 43. h4 Ba3 44. Ne4+ Kb2 45. c5 Bxc5 46. Nxc5 Kxa2 47. h5 Ka3 48. g6 hxg6 49. hxg6 Kb4 50. Na6+ Kb5 51. g7 Kxa6 52. g8=Q Kb5 53. Qc4+ Kb6 54. Ke4 1-0


[Site "https://www.chess.com"]